 Dungeon Crawl Stone Soup version 0.25-a0-24-g72dcfe0359 (webtiles) character file.

Game seed: 13102053637712539517, levelgen mode: deterministic

504596 Grimalkyne the Wrestler (level 24, -2/267 HPs)
             Began as a Troll Monk on Oct 7, 2019.
             Was the Champion of Wu Jian.
             Slain by a titan simulacrum (10 damage)
             ... on level 4 of the Abyss on Oct 16, 2019.
             The game lasted 04:46:37 (63690 turns).

Grimalkyne the Wrestler (Troll Monk)               Turns: 63690, Time: 04:46:37

Health: -2/267     AC: 33    Str: 31    XL:     24   Next: 12%
Magic:  0/29       EV: 12    Int:  6    God:    Wu Jian [******]
Gold:   4217       SH: 12    Dex: 15    Spells: 18/23 levels left

rFire    + . .     SeeInvis .     - Unarmed
rCold    + . .     Gourm    +   r - +0 shield
rNeg     + . .     Faith    .   w - +9 storm dragon scales
rPois    .         Spirit   +   N - +2 hat of the Demon Prince {+Inv rC+}
rElec    +         Reflect  .   Y - +2 cloak
rCorr    .         Harm     .   (gloves unavailable)
MR       ++...     Rnd*Rage +   (boots unavailable)
Stlth    ..........             L - amulet of guardian spirit {Spirit}
HPRegen  0.94/turn              g - ring of Loceidghis {rF+ Dex+2}
MPRegen  0.21/turn              Z - ring of Dokhuet {rElec rN+ MR+}

@: berserk cooldown, slowed, very slow
A: large, unfitting armour, claws 3, [berserk 2], clumsy 2, fast metabolism 3,
gourmand, regeneration 1, shaggy fur 1, strong 1, tough skin 3
}: 2/15 runes: barnacled, gossamer
a: Wall Jump, Serpent's Lash, Heavenly Storm, Renounce Religion, Evoke
Invisibility


You were on level 4 of the Abyss.
You worshipped Wu Jian.
Wu Jian was exalted by your worship.
You were not hungry.

You visited 8 branches of the dungeon, and saw 42 of its levels.
You visited the Abyss 1 time.
You also visited: Bailey.

You collected 5538 gold pieces.
You spent 1321 gold pieces at shops.

Inventory:

Missiles
 m - 1005 stones
 y - 81 large rocks (quivered) {!d}
 E - 10 throwing nets {=f, !d}
Armour
 r - a +0 shield (worn)
   (You found it on level 4 of the Dungeon)
 w - +9 storm dragon scales (worn)
   (You acquired it in a bailey)
 N - the +2 hat of the Demon Prince (worn) {+Inv rC+}
   (You acquired it on level 1 of the Lair of Beasts)

   It protects you from cold.
   It lets you turn invisible.
 Y - a +2 cloak (worn)
   (You found it on level 3 of the Lair of Beasts)
Jewellery
 f - an uncursed ring of poison resistance {rPois, !d}
   (You found it on level 8 of the Dungeon)
 g - the ring of Loceidghis (left claw) {rF+ Dex+2}
   (You took it off an orc warrior on level 14 of the Dungeon)

   [ring of protection from fire]

   It affects your dexterity (+2).
   It protects you from fire.
 i - a +4 ring of strength
   (You found it on level 4 of the Abyss)
 L - an amulet of guardian spirit (around neck) {Spirit}
   (You found it on level 1 of the Shoals)
 S - an uncursed ring of resist corrosion
   (You took it off an ogre mage on level 2 of the Depths)
 U - an uncursed ring of flight {+Fly, !d}
   (You found it on level 1 of the Lair of Beasts)
 V - an uncursed ring of see invisible {sInv, !d}
   (You bought it in a shop on level 6 of the Dungeon)
 Z - the ring of Dokhuet (right claw) {rElec rN+ MR+}
   (You bought it in a shop on level 12 of the Dungeon)

   [ring of positive energy]

   It insulates you from electricity.
   It protects you from negative energy.
   It affects your resistance to hostile enchantments.
Wands
 d - a wand of digging (13)
   (You found it on level 4 of the Dungeon)
 t - a wand of paralysis (19)
   (You found it on level 5 of the Lair of Beasts)
 v - a wand of polymorph (28)
   (You found it on level 9 of the Dungeon)
 z - a wand of clouds (12)
   (You found it on level 9 of the Dungeon)
 A - a wand of enslavement (13)
   (You took it off Pikel on level 6 of the Dungeon)
 F - a wand of acid (12)
   (You found it on level 3 of the Spider Nest)
 T - a wand of disintegration (62)
   (You found it on level 4 of the Lair of Beasts)
 X - a wand of iceblast (49)
   (You found it on level 3 of the Lair of Beasts)
Scrolls
 b - 2 scrolls of amnesia
 c - 3 scrolls of fear
 h - 16 scrolls of teleportation
 q - 25 scrolls of remove curse
 s - a scroll of enchant armour
 x - 13 scrolls of magic mapping {!r}
 I - 8 scrolls of blinking {!r}
 P - 2 scrolls of holy word {!r}
 Q - 2 scrolls of enchant weapon
 R - 6 scrolls of identify
 W - 6 scrolls of fog
Potions
 e - 5 potions of mutation {!q}
 j - 7 potions of agility
 k - 9 potions of might
 n - 2 potions of resistance
 p - 3 potions of invisibility
 u - 3 potions of haste
 B - 9 potions of flight
 C - 3 potions of lignification {!q}
 D - 2 potions of berserk rage {!q}
 G - 3 potions of magic
 K - 13 potions of curing
 O - 6 potions of cancellation
Miscellaneous
 l - a phantom mirror
 o - 2 sacks of spiders
 H - a lamp of fire
   (You found it on level 3 of the Abyss)
 M - a box of beasts
Comestibles
 a - 85 rations


   Skills:
 + Level 20.9 Fighting
 - Level 10.0 Throwing
 - Level 12.0 Armour
 - Level 8.4 Dodging
 - Level 1.0 Stealth
 - Level 9.0 Shields
 + Level 23.4 Unarmed Combat
 - Level 10.0 Evocations


You had 18 spell levels left.
You knew the following spells:

 Your Spells              Type           Power        Failure   Level  Hunger
x - Blade Hands           Tmut           #.........   100%        5    ######.

Your spell library contained the following spells:

 Spells                   Type           Power        Failure   Level  Hunger
 Animate Skeleton         Necr           N/A          86%         1    ##.....
 Apportation              Tloc           #.....       86%         1    ##.....
 Beastly Appendage        Tmut           #.....       86%         1    ##.....
 Confusing Touch          Hex            #.....       86%         1    ##.....
 Corona                   Hex            #......      86%         1    ##.....
 Pain                     Necr           #...         86%         1    ##.....
 Sandblast                Erth           #.....       86%         1    ##.....
 Shock                    Conj/Air       #...         86%         1    ##.....
 Summon Butterflies       Summ           #.......     86%         1    ##.....
 Summon Small Mammal      Summ           #...         86%         1    ##.....
 Blink                    Tloc           N/A          95%         2    ###....
 Passwall                 Tmut/Erth      #.......     95%         2    ###....
 Poisonous Vapours        Pois/Air       #.....       95%         2    ###....
 Shroud of Golubria       Chrm/Tloc      #.....       95%         2    ###....
 Slow                     Hex            #.......     95%         2    ###....
 Sticks to Snakes         Tmut           #.......     95%         2    ###....
 Sublimation of Blood     Necr           #.........   95%         2    ###....
 Swiftness                Chrm/Air       #.......     95%         2    ###....
 Call Canine Familiar     Summ           #.......     99%         3    ####...
 Conjure Flame            Conj/Fire      #.......     99%         3    ####...
 Gell's Gravitas          Tloc           #.........   99%         3    ####...
 Ignite Poison            Fire/Tmut/Pois #.......     99%         3    ####...
 Inner Flame              Hex/Fire       #.......     99%         3    ####...
 Lesser Beckoning         Tloc           #.........   99%         3    ####...
 Mephitic Cloud           Conj/Pois/Air  #.......     99%         3    ####...
 Portal Projectile        Hex/Tloc       #.....       99%         3    ####...
 Regeneration             Chrm/Necr      #.........   99%         3    ####...
 Spider Form              Tmut/Pois      #.........   99%         3    ####...
 Static Discharge         Conj/Air       #.......     99%         3    ####...
 Stone Arrow              Conj/Erth      #.....       99%         3    ####...
 Teleport Other           Tloc           #.......     99%         3    ####...
 Vampiric Draining        Necr           #.........   99%         3    ####...
 Airstrike                Air            #.........   100%        4    #####..
 Animate Dead             Necr           N/A          100%        4    #####..
 Cause Fear               Hex            #.........   100%        4    #####..
 Ice Form                 Ice/Tmut       #.......     100%        4    #####..
 Leda's Liquefaction      Hex/Erth       #.........   100%        4    #####..
 Passage of Golubria      Tloc           N/A          100%        4    #####..
 Petrify                  Tmut/Erth      #.......     100%        4    #####..
 Summon Ice Beast         Ice/Summ       #.......     100%        4    #####..
 Summon Lightning Spire   Summ/Air       #.......     100%        4    #####..
 Alistair's Intoxication  Tmut/Pois      #.......     100%        5    ######.
 Irradiate                Conj/Tmut      #.........   100%        5    ######.
 Lee's Rapid Deconstruct  Erth           #.........   100%        5    ######.
 Lightning Bolt           Conj/Air       #.........   100%        5    ######.
 Silence                  Hex/Air        #.........   100%        5    ######.
 Summon Mana Viper        Hex/Summ       #.......     100%        5    ######.
 Conjure Ball Lightning   Conj/Air       #.........   100%        6    #######
 Deflect Missiles         Chrm/Air       #.........   100%        6    #######
 Freezing Cloud           Conj/Ice/Air   #.........   100%        6    #######
 Hydra Form               Tmut           #.........   100%        6    #######
 Statue Form              Tmut/Erth      #........    100%        6    #######
 Dragon Form              Tmut           #.........   100%        7    #######
 Haunt                    Necr/Summ      #.........   100%        7    #######
 Ring of Flames           Chrm/Fire      #.........   100%        7    #######
 Summon Hydra             Summ           #.........   100%        7    #######
 Borgnjor's Revivificati  Necr           #.........   100%        8    #######
 Death's Door             Chrm/Necr      #.........   100%        8    #######
 Ignition                 Fire           #.........   100%        8    #######
 Infestation              Necr           #.........   100%        8    #######
 Necromutation            Tmut/Necr      #.........   100%        8    #######
 Shatter                  Erth           #.........   100%        9    #######
 Tornado                  Air            #.........   100%        9    #######


Dungeon Overview and Level Annotations

Branches:
Dungeon (15/15)            Temple (0/1) D:6            Lair (6/6) D:8
 Shoals (4/4) Lair:3       Spider (4/4) Lair:2        Slime (0/5) Lair:5
    Orc (2/2) D:10            Elf (2/3) Orc:2        Vaults (4/5) D:13
  Crypt (0/3) Vaults:3     Depths (5/5) D:15            Zot (0/5) Depths:5
 Bailey (visited)

Altars:
Gozag
Hepliaklqana
Makhleb
Nemelex Xobeh
Okawaru
Qazlal
Sif Muna
Wu Jian
Xom
Beogh
Jiyva

Shops:
D:4 ?[![   D:6 =   D:12 =   D:15 *   Orc:2 [(=!   Elf:2 *   Shoals:3 *
Vaults:1 [*   Vaults:2 (   Vaults:4 (   Depths:1 (   Depths:3 [

Portals:
Hell: Depths:1 Depths:2 Depths:3 Depths:4 Depths:5
Abyss: Depths:4
Pandemonium: Depths:1 Depths:3
Ziggurat: Depths:4

Annotations:
D:8 exclusion: door
Lair:1 exclusion: orange crystal statue
Shoals:2 Roxanne
Shoals:4 Mara
Spider:2 2 transporters, Johnny's ghost, journeyman DgEE
Spider:4 exclusion: 3 doors
Orc:1 3 runed translucent doors, Girphej's ghost, journeyman KoFi
Elf:2 3 runed translucent doors, exclusion: 3 doors
Vaults:1 3 runed translucent doors, exclusions: door and obsidian statue, lis82's ghost, adept DgWz
Depths:1 1 runed translucent door, exclusion: door
Depths:3 exclusion: downstairs


Innate Abilities, Weirdness & Mutations

You are too large for most types of armour.
You have claws for hands.
Your metabolism is lightning-fast.
You like to eat raw meat.
Your natural rate of healing is unusually fast.
You are covered in fur. (AC +1)
You have extremely tough skin. (AC +3)
You are very clumsy. (Dex -4)
Your muscles are strong. (Str +2)
[You often lose your temper in combat.]


Message History

The starspawn tentacle grabs you. The starspawn tentacle constricts you.
You take 4 damage, and have 112/267 hp.
You escape the starspawn tentacle's grasp.
A deafening chorus of shrieks assaults your mind!
You suddenly lose the ability to move!
The ancient zyme hits you but does no damage. x2
You feel ill.
A tentacle flies out from the starspawn's body!
The glowing orange brain pulsates.
The glowing orange brain radiates an aura of fear!
You are terrified of the glowing orange brain!
You can move again.
A starspawn tentacle comes into view.
You take 6 damage, and have 106/267 hp.
You now have 19/29 mp.
You are suddenly pulled into a different region of the Abyss!
The flying skull dissolves into shadows! x2
The raiju dissolves into shadows!
You are no longer terrified.
You start resting.
You are near starving!
You regained 6 mp, and now have 25/29 mp.
You eat one of the 86 rations.
That ration really hit the spot!
You start resting.
You feel your health improve.
You start resting.
A thrashing horror comes into view.
The thrashing horror moves out of view.
You regained 3 hp, and now have 109/267 hp.
You start resting.
The thrashing horror is too close now for your liking.
The thrashing horror roars!
You hear a roar!
You block the thrashing horror's attack.
The thrashing horror tramples you but does no damage.
A thrashing horror comes into view.
Your muscles tense, ready for explosive movement...
You repeatedly attack the thrashing horror from above, with incredible momentum.
A red film seems to cover your vision as you go berserk!
You feel yourself moving faster!
You feel mighty!
You mangle the thrashing horror!! x2; You eviscerate the thrashing horror!!!
You destroy the thrashing horror!
The Council accepts your kill.
You feel the corruption within you wane somewhat.
You feel clever.
You repeatedly attack the thrashing horror from above, with incredible momentum.
You eviscerate the thrashing horror!!!
You destroy the thrashing horror!
The Council accepts your kill.
You feel the corruption within you wane somewhat.
You feel clever.
Your supernatural speed expires.
You now have 168/400 hp.
You feel a strong urge to attack something.
You start resting.
You feel your anger nearly subside.
You start resting.
You are no longer berserk.
You are exhausted.
You feel yourself slow down.
You now have 115/267 hp.
You start resting.
A ynoxinul comes into view.
You regained 6 hp, and now have 121/267 hp.
A titan simulacrum comes into view.
The titan simulacrum closely misses you.
MP restored: 29 You spin and attack the titan simulacrum repeatedly.
You scratch the titan simulacrum.
You completely miss the titan simulacrum.
The titan simulacrum hits you but does no damage.
You mangle the titan simulacrum!! The titan simulacrum hits you!
The titan simulacrum freezes you!! You resist. The ynoxinul misses you.
You take 31 damage, and have 92/267 hp.
You now have 21/29 mp.
You repeatedly attack the ynoxinul from above.
You eviscerate the ynoxinul!!!
You kill the ynoxinul!
The Council accepts your kill.
You feel less exhausted. The titan simulacrum hits you!!
* * * LOW HITPOINT WARNING * * *
The titan simulacrum freezes you!! You resist.
* * * LOW HITPOINT WARNING * * *
You take 36 damage, and have 56/267 hp.
You now have 13/29 mp.
You scratch the titan simulacrum. The titan simulacrum hits you.
* * * LOW HITPOINT WARNING * * *
The titan simulacrum freezes you! You resist.
* * * LOW HITPOINT WARNING * * *
You take 14 damage, and have 42/267 hp.
You now have 11/29 mp.
You scratch the titan simulacrum but do no damage.
The titan simulacrum hits you!!
* * * LOW HITPOINT WARNING * * *
The titan simulacrum freezes you!! You resist.
* * * LOW HITPOINT WARNING * * *
You take 33 damage, and have 9/267 hp.
You now have 2/29 mp.
You repeatedly attack the titan simulacrum from above.
You claw the titan simulacrum! x2
You scratch the titan simulacrum but do no damage.
The titan simulacrum hits you!
* * * LOW HITPOINT WARNING * * *
The titan simulacrum freezes you! You resist.
You die...

# .# ##.† §
#. .##† ##. .
# # ###.#
..#.##○#○#
#.###.##.Z@○#
#
#.....#.####
#.. #....#
#..###..# #
.##.# #....#
..# .....#
### .##.###
##


You could see a titan simulacrum.

Vanquished Creatures
  A juggernaut (Depths:2)
  Xtahua (Depths:4)
  A caustic shrike (Depths:2)
  5 golden dragons
  Arachne (Spider:4)
  2 bone dragons
  Rupert (D:13)
  3 liches
  2 tentacled monstrosities
  A titan (Depths:4)
  Polyphemus (Shoals:4)
  An acid blob (shapeshifter) (Depths:4)
  A shadow dragon (Depths:4)
  2 sphinxes
  2 tentacled starspawn (Abyss:4)
  A sphinx (shapeshifter) (Depths:2)
  A kraken (Shoals:4)
  4 tengu reavers
  A daeva (Abyss:4)
  9 fire giants
  14 vault wardens
  2 iron dragons
  3 orc warlords
  2 deep elf sorcerers
  7 ghost moths
  A draconian shifter (Depths:5)
  5 emperor scorpions
  8 frost giants
  9 large abominations
  A draconian annihilator (Depths:5)
  3 spriggan defenders
  The ghost of Plog the Covert, a journeyman KoWz of Vehumet (D:14)
  4 entropy weavers
  13 ironheart preservers
  24 very ugly things
  14 stone giants
  3 green draconians (Depths:5)
  5 vampire knights
  A deep elf demonologist (Elf:1)
  3 deep elf annihilators
  2 red draconians (Depths:5)
  A yellow draconian (Depths:5)
  3 spark wasps
  4 merfolk javelineers
  A purple draconian (Depths:5)
  17 ettins
  3 deep elf death magi
  5 merfolk impalers
  3 jiangshi (Depths:5)
  2 green deaths (Abyss:4)
  19 yaktaur captains
  A deep elf high priest (Elf:1)
  8 great orbs of eyes
  12 ice dragons
  8 rakshasas
  21 fire dragons
  5 hydras
  A catoblepas (Shoals:4)
  7 vault guards
  A hell beast (Depths:3)
  5 merfolk avatars
  6 spriggan air magi
  Harold (D:9)
  An alligator snapping turtle (Shoals:4)
  8 centaur warriors
  3 death knights
  A satyr (Shoals:4)
  7 dancing weapons
  7 merfolk aquamancers (Shoals:4)
  8 deep troll shamans
  12 ogre magi
  33 two-headed ogres
  6 death yaks
  2 tengu warriors
  2 vampire magi
  7 deep troll earth magi
  3 orc high priests
  2 shock serpents (shapeshifter)
  9 thrashing horrors
  14 deep elf knights
  4 spriggans
  8 spriggan berserkers
  4 wretched stars
  A fire crab (shapeshifter) (Vaults:3)
  2 sixfirhies
  6 skeletal warriors
  4 iron trolls
  2 shadow wraiths (Vaults:4)
  18 deep trolls
  2 spatial maelstroms (Abyss:4)
  A shadow demon (Depths:1)
  6 hell knights
  7 sea snakes
  2 flayed ghosts
  4 glowing orange brains
  Pikel (D:6)
  3 wizards
  A phantasmal warrior (Vaults:3)
  14 deep elf archers
  3 lindwurms
  16 orc knights
  16 ironbrand convokers
  7 orc sorcerers
  41 deep elf magi
  12 fauns
  22 orb spiders
  A necromancer (Depths:1)
  10 harpies
  35 ugly things
  2 manticores (shapeshifter)
  A salamander (Depths:3)
  7 cyclopes
  A moth of wrath (Spider:4)
  29 wolf spiders
  3 worldbinders
  12 manticores
  2 centaur zombies
  An apocalypse crab (Abyss:4)
  3 elephants (Lair:4)
  8 merfolk sirens
  A black mamba (Lair:1)
  3 guardian serpents (shapeshifter)
  An elephant (shapeshifter) (Depths:3)
  An eye of devastation (Abyss:2)
  3 water nymphs (Shoals:4)
  15 vault sentinels
  4 torpor snails
  A rust devil (Depths:1)
  An orange demon (Depths:1)
  2 gargoyles
  12 smoke demons
  6 freezing wraiths
  25 spiny frogs
  A spiny frog (shapeshifter) (Depths:3)
  3 rime drakes
  8 komodo dragons
  3 efreet
  A yaktaur (shapeshifter) (Depths:2)
  2 kobold demonologists (D:15)
  4 hellwings
  4 ancient zymes
  6 demonic crawlers
  4 tengu conjurers
  83 yaktaurs
  A jumping spider (shapeshifter) (Depths:1)
  A queen bee (Lair:2)
  A red devil (Depths:3)
  21 merfolk
  6 trolls
  3 meliai (D:15)
  A meliai (shapeshifter) (Vaults:1)
  A queen bee (shapeshifter) (Vaults:2)
  56 jumping spiders
  17 hornets
  4 tyrant leeches (Lair:6)
  7 wind drakes
  14 blink frogs
  25 dream sheep
  Grinder (D:3)
  28 slime creatures
  7 hippogriffs
  A blink frog (shapeshifter) (Vaults:1)
  A fire dragon zombie (Abyss:4)
  A dream sheep (shapeshifter) (Abyss:4)
  A frost giant simulacrum (Vaults:3)
  A raiju (shapeshifter) (Vaults:1)
  5 flying skulls (Depths:3)
  2 air elementals (Elf:2)
  2 wraiths
  57 redbacks
  31 yaks
  22 tarantellas
  3 vampires (Vaults:3)
  8 water elementals
  5 wyverns
  4 ynoxinuls
  A shadow (D:12)
  A fire bat (shapeshifter) (D:11)
  4 basilisks
  3 humans (shapeshifter)
  3 steam dragons (Shoals:3)
  A hungry ghost (D:13)
  2 hogs (shapeshifter)
  2 chaos spawn
  2 fire elementals
  2 human simulacra
  3 neqoxecs
  6 vampire mosquitoes
  5 spatial vortices (Abyss:2)
  2 insubstantial wisps (Abyss:4)
  7 wargs
  An acid dragon (Vaults:2)
  A soldier ant (shapeshifter) (Abyss:4)
  8 water moccasins
  Duvessa (D:5)
  7 small abominations
  A black bear (D:10)
  A floating eye (Depths:2)
  12 porcupines
  61 orc warriors
  3 ice beasts
  2 eyes of draining (shapeshifter)
  6 sky beasts
  2 eyes of draining
  A slave (D:6)
  2 boggarts
  4 phantoms
  42 ogres
  A wolf (shapeshifter) (Depths:3)
  8 wolves
  11 centaurs
  7 big kobolds
  10 crocodiles
  30 bullfrogs
  2 gnoll sergeants (D:10)
  7 earth elementals
  Dowan (D:5)
  A wyvern skeleton (D:12)
  6 scorpions
  A water moccasin skeleton (D:6)
  29 killer bees
  7 electric eels
  3 wights (D:12)
  A howler monkey (D:10)
  2 bullfrog zombies
  A lava snake (Lair:4)
  9 crimson imps
  19 starcursed masses
  7 quasits
  6 hounds
  10 jellies
  7 bullfrog skeletons
  5 centaur skeletons
  5 iron imps
  21 orc priests
  2 iguanas
  Ijyb (D:4)
  37 orc wizards
  7 worker ants
  A hound skeleton (D:6)
  2 hound zombies
  A worker ant zombie (D:9)
  11 adders
  21 gnolls
  8 shadow imps
  3 white imps
  18 oozes
  An adder zombie (D:5)
  An adder skeleton (D:6)
  4 worms
  A dart slug (D:1)
  6 leopard geckos
  130 orcs
  A ball python (D:2)
  9 giant cockroaches
  29 goblins
  21 hobgoblins
  10 jackals
  28 kobolds
  5 quokkas
  5 bats
  10 frilled lizards
  A giant cockroach zombie (D:5)
  A jackal skeleton (D:7)
  A leopard gecko skeleton (D:3)
  A quokka skeleton (D:4)
  8 rats
  2 plants
  2 tentacles (Shoals:4)
2084 creatures vanquished.

Vanquished Creatures (others)
  An ogre mage (Vaults:3)
  An orb spider (Spider:2)
  A deep elf mage (Elf:2)
  A redback (Spider:2)
  Eustachio (D:6)
  2 slaves (D:6)
  An earth elemental (Spider:3)
  An ooze (D:6)
  2 orcs (Vaults:3)
  8 fungi
  A lurking horror (Abyss:4)
  34 plants
  2 starspawn tentacles (Abyss:4)
  12 tentacles (Shoals:4)
  6 toadstools (D:2)
74 creatures vanquished.

Grand Total: 2158 creatures vanquished

Notes
Turn   | Place    | Note
-------+----------+-------------------------------------------
     0 | D:1      | Grimalkyne the Troll Monk began the quest for the Orb.
     0 | D:1      | Reached XP level 1. HP: 22/22 MP: 0/0
   123 | D:1      | Reached XP level 2. HP: 21/29 MP: 1/1
   543 | D:1      | Reached skill level 4 in Unarmed Combat
   822 | D:2      | Reached XP level 3. HP: 36/36 MP: 2/2
   969 | D:2      | Reached skill level 5 in Unarmed Combat
   969 | D:2      | Reached XP level 4. HP: 40/44 MP: 3/3
  1002 | D:2      | Reached XP level 5. HP: 36/50 MP: 4/4
  1006 | D:2      | Reached skill level 1 in Throwing
  2437 | D:3      | Reached skill level 3 in Fighting
  2437 | D:3      | Reached skill level 3 in Dodging
  2457 | D:3      | Noticed Grinder
  2475 | D:3      | Killed Grinder
  2475 | D:3      | Reached skill level 2 in Throwing
  2475 | D:3      | Reached XP level 6. HP: 18/61 MP: 5/5
  2476 | D:3      | HP: 15/61 [adder (3)]
  2481 | D:3      | HP: 14/61 [poisoned by an adder]
  2697 | D:3      | Found a shimmering altar of Xom.
  3105 | D:4      | Found Waeb's Antique Armour Shoppe.
  3197 | D:4      | Found Ronerogem's Magic Scroll Shop.
  3204 | D:4      | Bought a scroll of enchant armour for 90 gold pieces
  3204 | D:4      | Bought a scroll of identify for 24 gold pieces
  3204 | D:4      | Bought a scroll of identify for 24 gold pieces
  3419 | D:4      | Reached XP level 7. HP: 65/68 MP: 6/6
  3495 | D:4      | Noticed Ijyb
  3518 | D:4      | Reached skill level 3 in Throwing
  3539 | D:4      | Reached skill level 4 in Fighting
  3539 | D:4      | Reached skill level 4 in Dodging
  3577 | D:4      | Found Maodd's Distillery.
  3816 | D:4      | Killed Ijyb
  3873 | D:4      | Found Deamn's Antique Armour Emporium.
  4038 | D:5      | Entered Level 5 of the Dungeon
  4043 | D:5      | Reached skill level 1 in Shields
  4201 | D:5      | Noticed Duvessa
  4205 | D:5      | Noticed Dowan
  4319 | D:5      | Reached skill level 4 in Throwing
  4333 | D:5      | Reached skill level 2 in Shields
  4333 | D:5      | Reached XP level 8. HP: 79/79 MP: 7/7
  4466 | D:5      | Found an ornate altar of the Wu Jian Council.
  4471 | D:5      | Identified the +1 ring mail of the Morning Star {*Contam
                  | rElec MR- Dex+6}
  4494 | D:5      | Killed Duvessa
  4498 | D:5      | Killed Dowan
  4730 | D:5      | Reached skill level 5 in Fighting
  5002 | D:5      | Became a worshipper of the Wu Jian Council
  5002 | D:5      | Reached * piety under Wu Jian
  5002 | D:5      | Reached ** piety under Wu Jian
  5025 | D:6      | Noticed a troll
  5034 | D:6      | Killed a troll
  5034 | D:6      | Reached skill level 5 in Throwing
  5034 | D:6      | Reached skill level 3 in Shields
  5212 | D:6      | Found Rufuudgh's Jewellery Boutique.
  5534 | D:6      | Reached skill level 4 in Shields
  5537 | D:6      | Reached skill level 6 in Fighting
  5537 | D:6      | Reached XP level 9. HP: 81/89 MP: 8/8
  5551 | D:6      | Noticed Pikel
  5566 | D:6      | Killed Pikel
  5566 | D:6      | Reached skill level 7 in Fighting
  5617 | D:6      | Found a stormy altar of Qazlal.
  5617 | D:6      | Found a burning altar of Makhleb.
  5633 | D:6      | Found a staircase to the Ecumenical Temple.
  5661 | D:6      | Killed Eustachio
  5727 | D:6      | Reached skill level 1 in Armour
  6129 | D:7      | Reached *** piety under Wu Jian
  6222 | D:7      | Reached skill level 2 in Armour
  6258 | D:7      | Found a sparkling altar of Nemelex Xobeh.
  6318 | D:7      | Reached skill level 6 in Unarmed Combat
  6901 | D:8      | Found a flagged portal.
  6914 | Bailey   | Entered a bailey
  7352 | Bailey   | Reached skill level 3 in Armour
  7416 | Bailey   | Noticed an orc knight
  7460 | Bailey   | Killed an orc knight
  7460 | Bailey   | Reached skill level 8 in Fighting
  7460 | Bailey   | Reached XP level 10. HP: 53/104 MP: 9/9
  7662 | Bailey   | Noticed an orc knight
  7679 | Bailey   | Killed an orc knight
  7679 | Bailey   | Reached skill level 7 in Unarmed Combat
  7731 | Bailey   | Reached **** piety under Wu Jian
  7832 | Bailey   | Identified the +3 war axe "Agynegiw" {flame, rF- Str+2
                  | Int+7}
  7847 | Bailey   | Reached skill level 4 in Armour
  7903 | Bailey   | Noticed an orc knight
  7928 | Bailey   | Killed an orc knight
  8017 | Bailey   | Noticed an orc warlord
  8102 | Bailey   | Killed an orc warlord
  8102 | Bailey   | Reached skill level 5 in Armour
  8102 | Bailey   | Reached skill level 8 in Unarmed Combat
  8255 | Bailey   | Reached skill level 9 in Fighting
  8302 | Bailey   | Identified a scroll of acquirement
  8563 | D:8      | Found a staircase to the Lair.
  8760 | D:8      | Found a shimmering blue altar of Sif Muna.
  9048 | D:8      | Reached XP level 11. HP: 97/115 MP: 10/10
  9570 | D:9      | Noticed a two-headed ogre
  9581 | D:9      | Killed a two-headed ogre
  9593 | D:9      | Reached skill level 9 in Unarmed Combat
  9719 | D:9      | Noticed Harold
  9723 | D:9      | Killed Harold
  9723 | D:9      | Reached skill level 6 in Armour
  9941 | D:10     | Entered Level 10 of the Dungeon
 10018 | D:10     | Noticed a cyan ugly thing
 10190 | D:9      | Killed a cyan ugly thing
 10486 | D:10     | Reached ***** piety under Wu Jian
 10609 | D:10     | Reached skill level 10 in Fighting
 10609 | D:10     | Reached skill level 10 in Unarmed Combat
 10668 | D:10     | Paralysed by a hornet for 3 turns
 10691 | D:9      | Reached skill level 7 in Armour
 11001 | D:10     | Found a staircase to the Orcish Mines.
 11093 | D:10     | Found Uruuli's Antique Armour Boutique.
 11491 | D:11     | Noticed a brown ugly thing
 11497 | D:11     | Killed a brown ugly thing
 11537 | D:11     | Noticed a purple ugly thing
 11556 | D:11     | Killed a purple ugly thing
 11678 | D:11     | Reached XP level 12. HP: 126/126 MP: 11/11
 12456 | Lair:1   | Entered Level 1 of the Lair of Beasts
 12800 | Lair:1   | Got a faintly humming hat
 12811 | Lair:1   | Identified the +2 hat of the Demon Prince {+Inv rC+} (You
                  | acquired it on level 1 of the Lair of Beasts)
 13573 | Lair:2   | Found a hole to the Spider Nest.
 13756 | Lair:1   | Reached skill level 8 in Armour
 13889 | Lair:2   | Reached skill level 11 in Unarmed Combat
 14211 | Lair:2   | Learned a level 5 spell: Blade Hands
 14758 | Lair:2   | Reached skill level 11 in Fighting
 14932 | Lair:2   | Upgraded the game from 0.24-a0-778-g74da537585 to
                  | 0.24-a0-779-g36f0aeb843
 15141 | Lair:3   | Found a staircase to the Shoals.
 15156 | Lair:3   | Reached skill level 5 in Shields
 15410 | Lair:3   | Found a gate leading to a gauntlet.
 16320 | Lair:4   | Noticed a death yak
 16320 | Lair:4   | Noticed a death yak
 16321 | Lair:4   | Noticed a death yak
 16321 | Lair:4   | Noticed a death yak
 16326 | Lair:4   | Reached XP level 13. HP: 115/137 MP: 12/12
 16458 | Lair:4   | Reached skill level 12 in Unarmed Combat
 16461 | Lair:4   | Reached skill level 6 in Shields
 17560 | Lair:5   | Found a runed translucent door.
 17560 | Lair:5   | Found a viscous altar of Jiyva.
 17560 | Lair:5   | Found a staircase to the Slime Pits.
 18344 | Lair:5   | Reached ****** piety under Wu Jian
 18344 | Lair:5   | Reached skill level 7 in Shields
 18539 | Lair:5   | Got an ancient war axe
 18543 | Lair:5   | Identified the +5 war axe of the Five Planets {flame,
                  | rPois} (You found it on level 5 of the Lair of Beasts)
 18579 | Lair:5   | Reached skill level 12 in Fighting
 18867 | Lair:6   | Entered Level 6 of the Lair of Beasts
 19157 | Lair:6   | Reached skill level 13 in Unarmed Combat
 19541 | Lair:6   | Reached XP level 14. HP: 147/150 MP: 13/13
 19640 | Lair:6   | Reached skill level 8 in Shields
 21394 | D:6      | Bought an uncursed ring of see invisible for 195 gold
                  | pieces
 22247 | D:12     | Found Beqeshrurch's Jewellery Shop.
 22250 | D:12     | Bought the ring of Dokhuet {rElec rN+ MR+} for 554 gold
                  | pieces
 22668 | Orc:1    | Entered Level 1 of the Orcish Mines
 23004 | Orc:2    | Entered Level 2 of the Orcish Mines
 23322 | Orc:2    | Found a roughly hewn altar of Beogh.
 23469 | Orc:2    | Found a staircase to the Elven Halls.
 23589 | Orc:2    | Noticed an orc warlord
 23619 | Orc:2    | Killed an orc warlord
 23619 | Orc:2    | Reached skill level 9 in Shields
 23628 | Orc:2    | Reached skill level 13 in Fighting
 23741 | Orc:2    | Found a roughly hewn altar of Beogh.
 23899 | Orc:2    | Reached skill level 14 in Unarmed Combat
 23912 | Orc:2    | Noticed an orc warlord
 24093 | Orc:2    | Killed an orc warlord
 24344 | Orc:2    | Found Zatzuub's Antique Weapon Shop.
 24346 | Orc:2    | Found a roughly hewn altar of Beogh.
 24350 | Orc:2    | Found Byoruzxu's Antique Armour Boutique.
 24461 | Orc:2    | Found a roughly hewn altar of Beogh.
 24471 | Orc:2    | Found Uggij's Jewellery Shoppe.
 24614 | Orc:2    | Found a roughly hewn altar of Beogh.
 24638 | Orc:2    | Found Umoexu's Distillery.
 24958 | Orc:1    | Found a runed translucent gate.
 24958 | Orc:1    | Found a runed translucent gate.
 24958 | Orc:1    | Found a runed translucent gate.
 24964 | Orc:1    | Noticed Girphej's ghost (journeyman KoFi)
 25632 | D:13     | Noticed Rupert
 25644 | D:13     | Killed Rupert
 25793 | D:13     | Found a gate to the Vaults.
 25811 | D:13     | Reached XP level 15. HP: 138/161 MP: 14/14
 26850 | D:14     | Reached skill level 15 in Unarmed Combat
 27036 | D:14     | Found a runed translucent gate.
 27036 | D:14     | Identified the ring of Loceidghis {rF+ Dex+2}
 27102 | D:14     | Found a runed translucent gate.
 27226 | D:14     | Found a runed translucent gate.
 27226 | D:14     | Noticed Plog's ghost (journeyman KoWz)
 27590 | D:14     | Found a roughly hewn altar of Beogh.
 27611 | D:14     | HP: 31/162 [Plog's ghost/the air (25)]
 27848 | D:14     | Reached skill level 9 in Armour
 27907 | D:14     | Killed Plog's ghost
 27907 | D:14     | Reached skill level 14 in Fighting
 27927 | D:14     | Reached skill level 7 in Throwing
 27927 | D:14     | Reached XP level 16. HP: 172/172 MP: 15/15
 28033 | D:15     | Entered Level 15 of the Dungeon
 28139 | D:15     | Got a transparent hunting sling
 28370 | D:15     | Found a staircase to the Depths.
 28431 | D:15     | Found Zilav's General Store.
 29229 | Spider:1 | Entered Level 1 of the Spider Nest
 30543 | Spider:1 | Upgraded the game from 0.24-a0-779-g36f0aeb843 to 0.24-b1
 31308 | Spider:2 | Reached skill level 10 in Armour
 31532 | Spider:2 | Reached XP level 17. HP: 167/182 MP: 16/16
 31587 | Spider:2 | Found a transporter.
 31592 | Spider:2 | Reached skill level 16 in Unarmed Combat
 31646 | Spider:2 | Noticed Johnny's ghost (journeyman DgEE)
 31662 | Spider:2 | Found a transporter.
 32860 | Spider:3 | Got a fine shortbow
 32928 | Spider:3 | Identified the cursed +1 hunting sling of Hucelugh {venom,
                  | rElec rPois Dex-2 SInv} (You found it on level 15 of the
                  | Dungeon)
 32930 | Spider:3 | Identified the cursed +0 shortbow "Bienweub" {venom, Int+5}
                  | (You found it on level 3 of the Spider Nest)
 33000 | Spider:3 | Reached skill level 15 in Fighting
 33257 | Spider:4 | Entered Level 4 of the Spider Nest
 33738 | Spider:4 | Reached skill level 5 in Dodging
 35246 | Spider:4 | Noticed Arachne
 35253 | Spider:4 | Killed Arachne
 35253 | Spider:4 | Reached skill level 6 in Dodging
 35266 | Spider:4 | Reached skill level 17 in Unarmed Combat
 35452 | Spider:4 | Got a gossamer rune of Zot
 35805 | Vaults:1 | Entered Level 1 of the Vaults
 35941 | Vaults:1 | Reached XP level 18. HP: 193/193 MP: 17/17
 36140 | Vaults:1 | Reached skill level 7 in Dodging
 37286 | Vaults:1 | Reached skill level 8 in Dodging
 37344 | Vaults:1 | Found Ifujinu's Armour Shop.
 37387 | Vaults:1 | Found a runed translucent gate.
 37387 | Vaults:1 | Found a runed translucent gate.
 37387 | Vaults:1 | Found a runed translucent gate.
 37388 | Vaults:1 | Found an opulent altar of Gozag.
 37398 | Vaults:1 | Found Bemoriemn's Assorted Antiques.
 37398 | Vaults:1 | Noticed lis82's ghost (adept DgWz)
 37453 | Vaults:1 | Reached skill level 16 in Fighting
 37718 | Vaults:2 | Upgraded the game from 0.24-b1 to 0.25-a0-2-g6559c6c67a
 38224 | Vaults:2 | Reached skill level 1 in Evocations
 38240 | Vaults:2 | Reached skill level 18 in Unarmed Combat
 38372 | Vaults:2 | Reached skill level 2 in Evocations
 38982 | Vaults:2 | Found Wiv Vasch's Antique Weapon Emporium.
 39391 | Vaults:2 | Reached skill level 3 in Evocations
 39537 | Vaults:3 | Reached XP level 19. HP: 157/206 MP: 20/20
 39969 | Vaults:3 | Reached skill level 4 in Evocations
 40363 | Vaults:3 | Reached skill level 5 in Evocations
 40900 | Vaults:3 | Reached skill level 17 in Fighting
 41044 | Vaults:3 | Reached skill level 19 in Unarmed Combat
 41980 | Vaults:3 | Reached skill level 6 in Evocations
 42538 | Vaults:3 | Found a staircase to the Crypt.
 42692 | Vaults:3 | Found the +8 Wrath of Trog {antimagic, *Rage}
 42990 | Shoals:1 | Entered Level 1 of the Shoals
 42996 | Shoals:1 | Reached skill level 7 in Evocations
 43987 | Shoals:2 | Noticed Roxanne
 44052 | Shoals:2 | Reached XP level 20. HP: 208/218 MP: 24/24
 44194 | Shoals:2 | Reached skill level 8 in Evocations
 45249 | Shoals:3 | Upgraded the game from 0.25-a0-2-g6559c6c67a to
                  | 0.25-a0-10-g2fe12d4386
 45338 | Shoals:3 | Found Koresm's Assorted Antiques.
 45350 | Shoals:3 | Bought a scroll of enchant armour for 217 gold pieces
 45350 | Shoals:3 | Bought a scroll of enchant armour for 217 gold pieces
 45513 | Shoals:3 | Got a sparkling glass ring
 45679 | Shoals:4 | Entered Level 4 of the Shoals
 45698 | Shoals:4 | Reached skill level 9 in Evocations
 46234 | Shoals:4 | Noticed Mara
 46482 | Shoals:4 | Identified the ring "Isoab" {*Tele rPois Int+3} (You found
                  | it on level 3 of the Shoals)
 46540 | Shoals:4 | Reached skill level 10 in Evocations
 46589 | Shoals:4 | Noticed Polyphemus
 46607 | Shoals:4 | Killed Polyphemus
 46934 | Shoals:4 | Got a barnacled rune of Zot
 48037 | Vaults:4 | Found Ceap's Antique Weapon Emporium.
 48337 | Vaults:4 | Reached skill level 8 in Throwing
 49758 | Depths:1 | Entered Level 1 of the Depths
 49758 | Depths:1 | Found Quyr's Antique Weapon Shoppe.
 49766 | Depths:1 | Found a gateway to Hell.
 50059 | Depths:1 | Reached XP level 21. HP: 220/228 MP: 25/27
 50247 | Depths:1 | Reached skill level 9 in Throwing
 50331 | Depths:1 | Found a runed translucent door.
 50549 | Depths:1 | Found a one-way gate leading to the halls of Pandemonium.
 51122 | Depths:2 | Noticed a golden dragon
 51131 | Depths:2 | Killed a golden dragon
 51323 | Depths:2 | Reached skill level 20 in Unarmed Combat
 51484 | Depths:2 | Gained mutation: Your muscles are strong. (Str +2) [a
                  | shining eye]
 51543 | Depths:2 | Reached skill level 18 in Fighting
 51802 | Depths:2 | Found a shimmering blue altar of Sif Muna.
 51803 | Depths:2 | Found a hazy altar of Hepliaklqana.
 51803 | Depths:2 | Found an iron altar of Okawaru.
 51851 | Depths:2 | Noticed a caustic shrike
 51860 | Depths:2 | Killed a caustic shrike
 51897 | Depths:2 | Reached skill level 10 in Throwing
 52927 | Depths:2 | Noticed a golden dragon
 52927 | Depths:2 | an iron giant changed into a golden dragon
 52929 | Depths:2 | a golden dragon changed into a shadow dragon
 52944 | Depths:2 | Paralysed by an ogre mage for 4 turns
 53103 | Depths:2 | Identified the +4 dire flail "Reaxose" {crush, *Contam +Fly
                  | rC+++ Str-3} (You found it on level 2 of the Depths)
 53202 | Depths:2 | Got a dazzling halberd
 53549 | Elf:1    | Entered Level 1 of the Elven Halls
 53700 | Elf:1    | Identified the +4 great mace of Ivvu {crush, -Tele rElec
                  | Str+3}
 53773 | Elf:1    | Reached XP level 22. HP: 230/241 MP: 26/28
 54192 | Elf:1    | Reached skill level 21 in Unarmed Combat
 54581 | Elf:2    | Found Imilehio's General Store.
 54894 | Elf:2    | Found a runed translucent gate.
 55058 | Elf:2    | Reached skill level 19 in Fighting
 55113 | Elf:2    | Found a runed translucent gate.
 55117 | Elf:2    | Found a runed translucent gate.
 55737 | Depths:3 | Noticed a juggernaut
 55762 | Depths:2 | Killed a juggernaut
 55782 | Depths:3 | Noticed a golden dragon
 55961 | Depths:3 | Paralysed by a vampire knight for 5 turns
 55966 | Depths:3 | HP: 58/243 [golden dragon (9)]
 56342 | Depths:2 | Killed a golden dragon
 56873 | Depths:3 | You fall into a shaft and drop 2 floors!
 56873 | Depths:5 | Entered Level 5 of the Depths
 56876 | Depths:5 | Reached skill level 11 in Armour
 56938 | Depths:5 | HP: 58/244 [spriggan berserker/+0 flail (7)]
 57846 | Depths:4 | Found a gateway to a ziggurat.
 58022 | Depths:3 | Found Selewub's Antique Armour Shop.
 58229 | Depths:3 | Reached skill level 22 in Unarmed Combat
 58277 | Depths:3 | Reached XP level 23. HP: 239/254 MP: 29/29
 58548 | Depths:3 | Reached skill level 12 in Armour
 59287 | Depths:4 | Upgraded the game from 0.25-a0-10-g2fe12d4386 to
                  | 0.25-a0-21-ga5a8db46c7
 59537 | Depths:4 | Noticed a caustic shrike
 59537 | Depths:4 | a golden dragon changed into a caustic shrike
 59538 | Depths:4 | a caustic shrike changed into a shadow dragon
 59605 | Depths:4 | Noticed Xtahua
 59606 | Depths:4 | Killed Xtahua
 59606 | Depths:4 | Reached skill level 20 in Fighting
 59980 | Depths:4 | Noticed a juggernaut
 59980 | Depths:4 | a golden dragon changed into a juggernaut
 59982 | Depths:4 | a juggernaut changed into an iron dragon
 60211 | Depths:4 | Found a one-way gate to the infinite horrors of the Abyss.
 60797 | Depths:5 | Found a gate to the Realm of Zot.
 61643 | Depths:5 | Found a shimmering altar of Xom.
 61659 | Depths:5 | Got a warped whip
 61988 | Depths:5 | Identified the +12 whip of Moderation {freeze, Dex+3} (You
                  | found it on level 5 of the Depths)
 61992 | Depths:5 | Upgraded the game from 0.25-a0-21-ga5a8db46c7 to
                  | 0.25-a0-24-g72dcfe0359
 62039 | Depths:4 | Voluntarily entered the Abyss.
 62213 | Abyss:2  | Reached skill level 23 in Unarmed Combat
 62220 | Abyss:2  | Paralysed by accursed screaming for 1 turns
 63301 | Abyss:4  | Gained mutation: You are clumsy. (Dex -2) [a neqoxec]
 63303 | Abyss:4  | Gained mutation: You are very clumsy. (Dex -4) [a neqoxec]
 63420 | Abyss:4  | Paralysed by you for 5 turns
 63468 | Abyss:4  | Reached XP level 24. HP: 152/267 MP: 27/29
 63636 | Abyss:4  | Paralysed by accursed screaming for 1 turns
 63686 | Abyss:4  | HP: 56/267 [titan simulacrum (20)]
 63688 | Abyss:4  | HP: 27/267 [titan simulacrum (16)]
 63688 | Abyss:4  | HP: 9/267 [titan simulacrum (18)]
 63690 | Abyss:4  | Slain by a titan simulacrum

Levels and vault maps discovered:
D:1:      mrwooster_arrival_statue_3, layout_loops_ring, st_stairs_4
D:2:      cheibrodos_fertilizer, layout_basic
D:3:      layout_loops_ring, lemuel_crystal_altar, nrook_loot_triangle,
          uniq_grinder
D:4:      layout_basic, first_ration, serial_shops, shop, shop,
          kennysheep_mini_moat, nicolae_shop_stone, uniq_ijyb
D:5:      layout_cave_pools, nicolae_overflow_crystal_walls, minivault_11,
          uniq_duvessa
D:6:      layout_basic, chequers_temple_overflow_statue_of_worship,
          minmay_temple_entry_large_hall, serial_shops, shop,
          chequers_serial_rivers_large_a, uniq_pikel, uniq_eustachio
D:7:      layout_basic, nemelex_altar_shiori
D:8:      layout_basic, led_sif_book, lair_entry_dummy, enter_bailey_3
D:9:      layout_cave_pools, uniq_harold
D:10:     layout_cave_pools, kennysheep_orc_monster_closet_entryway,
          serial_shops, shop
D:11:     layout_cave_pods
D:12:     layout_loops_corners, serial_shops, kennysheep_mini
D:13:     layout_roguey, david_vaults_2, hangedman_little_slice_of_home,
          hangedman_decor_peaks_small, uniq_rupert
D:14:     layout_cave_pools, biasface_ghost_orc_armoury,
          minmay_misc_feat_four_crosses, minmay_fractal_squares_gapless_5
D:15:     grunt_enter_depths_hoard, layout_irregular_city, minmay_crystal_room,
          serial_shops, shop
Lair:1:   statuecave_lemuel, layout_cave_shapes
Lair:2:   layout_roguey [special_room_bee], nicolae_spider_entry_non_spiders
Lair:3:   layout_cave_pods, elwin_shoals_entry_stream, gauntlet_entry_generic
Lair:4:   layout_gridlike, grunt_megastairs_4
Lair:5:   cheibrodos_lair_overgrown_chateau, layout_gridlike, slime_altar_2
Lair:6:   minmay_lair_end_frog_pond, layout_cave_pods, disabler_island
Shoals:1: layout_shoals, nicolae_shoals_seven_spires
Shoals:2: layout_shoals, uniq_roxanne
Shoals:3: layout_shoals, serial_shops, shop, nicolae_shoals_drake_roost
Shoals:4: shoals_end_hangedman, layout_shoals, nicolae_shoals_aquamancer_cove,
          uniq_polyphemus, uniq_mara
Spider:1: layout_spider_delve
Spider:2: layout_spider_delve, gammafunk_ghost_berserking_beasts
Spider:3: layout_spider_delve, hangedman_stitches_earthworm
Spider:4: johnstein_spider_rune_arachne_lair
Orc:1:    layout_diamond_mine, gammafunk_ghost_necromancy
Orc:2:    grunt_orc_community_town_hall, layout_caves,
          grunt_orc_community_big_house_2, grunt_orc_community_big_house_2,
          grunt_orc_community_house_1, grunt_orc_community_house_1,
          grunt_orc_community_house_1, grunt_orc_community_house_1
Elf:1:    layout_geoelf_diagonals, kennysheep_underground_church
Elf:2:    layout_loops_ring, serial_shops, nicolae_shop_trees,
          minmay_strange_pillars
Vaults:1: ebering_vaults_ghost_gozag, ontoclasm_vaults_misaligned, st_lattice,
          v_misc_30, v_misc_33, ontoclasm_vaults_spin,
          vaults_room_grunt_arrival_ludios, nicolae_vaults_shelves_hall,
          vaults_mumra_minichess, vaults_standard_mumra_x,
          layout_vaults_omnicross, serial_shops, shop
Vaults:2: grunt_vaults_hallway_long, ontoclasm_vaults_decontamination,
          ontoclasm_vaults_twist, vaults_dpeg_hooks, layout_vaults_quadrants,
          serial_shops, nicolae_shop_behind_doors
Vaults:3: vaults_dpeg_doors, nicolae_vaults_what_the_h,
          nicolae_vaults_little_squares_4, v_pattern_1,
          minmay_crypt_entry_vampire_xt, nicolae_vaults_little_squares_6,
          nicolae_vaults_border_crossing, ontoclasm_vaults_chip,
          nicolae_vaults_little_squares_6, nicolae_vaults_stairing_the_circle,
          ontoclasm_vaults_ring_square, vaults_dpeg_diagonal,
          grunt_vaults_hallway_short, layout_vaults_ring
Vaults:4: nicolae_vaults_lopsided_apartments, v_alt_pattern_6, v_rooms_2,
          v_alt_pattern_3, v_rooms_5, v_misc_17, nicolae_vaults_little_ls,
          hangedman_vaults_impose, vaults_dpeg_spiral,
          grunt_vaults_hallway_long, layout_vaults_omnibox, serial_shops,
          nicolae_shop_stone
Depths:1: layout_basic, grunt_pan_entry_in_and_out, hangedman_decor_push,
          hell_entry, minmay_misc_feat_plants, minmay_shop_grid_forest,
          lightli_gold_pyramid, serial_bayou_shore_a
Depths:2: hangedman_slaughterboxes, hell_entry
Depths:3: kennysheep_scales, layout_basic, pan_entry, serial_shops, shop_statue,
          minmay_misc_feat_secret_circle, grunt_mini_vestibule, evilmike_ambush
          [evilmike_ambush_outer_doors, evilmike_ambush_inner_basic]
Depths:4: minmay_connected_boxes_in_corner, layout_cave_pools, enter_ziggurat_f,
          kennysheep_small_spiral, hell_entry, abyss_entry, st_stairs_12,
          infiniplex_staircase_pool_2, uniq_xtahua
Depths:5: grunt_x_marks_the_spot, layout_gridlike, grunt_hell_entry_dis_grunt,
          xom_teletrap_fun
Abyss:4:  evilmike_abyss_exit_mutagenic, hangedman_abyss_sting,
          hangedman_abyss_sting, lemuel_flamethrower_2,
          evilmike_nicolae_abyss_rune_containment_curve,
          guppyfry_abyss_exit_spiral_guarded, nicolae_abyss_rune_left_handed,
          evilmike_nicolae_abyss_rune_containment_curve,
          grunt_abyss_rune_forest_and_sorcery, lemuel_flamethrower_3,
          due_exit_kobolds, evilmike_abyss_exit_12, evilmike_abyss_rune_ettins,
          evilmike_abyss_exit_12, minivault_25, evilmike_abyss_exit_12,
          evilmike_abyss_exit_8, dshaligram_kb_abyss_rune_zappy_water_cross,
          hangedman_grunt_abyss_rune_horror_hoard, evilmike_abyss_exit_1,
          evilmike_abyss_exit_16, dshaligram_kb_abyss_rune_zappy_water_cross,
          evilmike_abyss_exit_2, minivault_1, hangedman_abyss_shoalhut,
          doesnt_abyss_rune_brain_food

Skill      XL: |  1  2  3  4  5  6  7  8  9 10 11 12 13 14 15 16 17 18 19 20 21 22 23 |
---------------+----------------------------------------------------------------------+-----
Unarmed Combat | 4 5 6 8 10 11 13 14 15 17 18 19 20 22 23 | 23.4
Throwing       | 2 4 5 7 8 10 | 10.0
Fighting       | 3 4 6 8 9 10 11 12 13 14 15 16 17 18 19 20 | 20.9
Dodging        | 3 4 6 8 |  8.4
Shields        | 2 4 5 7 9 |  9.0
Armour         | 3 5 7 8 9 10 11 12 | 12.0
Evocations     | 3 7 10 | 10.0
Stealth        | |  1.0

Action                   |  1- 3 |  4- 6 |  7- 9 | 10-12 | 13-15 | 16-18 | 19-21 | 22-24 || total
-------------------------+-------+-------+-------+-------+-------+-------+-------+-------++-------
Melee: Unarmed           |    81 |   129 |   403 |   920 |  1340 |  1640 |  1894 |  1203 ||  7610
       Punch             |       |     3 |    11 |    22 |       |       |       |       ||    36
       Hunting sling     |       |       |       |       |       |     4 |       |       ||     4
 Fire: Hunting sling     |       |     7 |       |       |       |    52 |       |       ||    59
Throw: Stone             |     8 |   121 |   174 |   640 |   618 |   279 |   271 |       ||  2111
       Large rock        |       |       |       |       |       |       |   143 |   203 ||   346
Invok: Lunge             |       |       |     6 |     9 |    24 |    58 |   120 |    85 ||   302
       Whirlwind         |       |       |     7 |    33 |    87 |   404 |   336 |   193 ||  1060
       Serpent's Lash    |       |       |     3 |    12 |    16 |     9 |     3 |     4 ||    47
       Heavenly Storm    |       |       |       |       |     4 |     4 |     2 |       ||    10
 Abil: Wall Jump         |       |       |    14 |    72 |    66 |   134 |    80 |    35 ||   401
       Evoke Flight      |       |       |       |     1 |       |       |    10 |       ||    11
Evoke: Wand              |       |       |       |       |       |       |       |     3 ||     3
  Use: Scroll            |       |     7 |     4 |    15 |     7 |    15 |     7 |    14 ||    69
       Potion            |       |       |       |       |     5 |       |     3 |     8 ||    16
 Stab: Sleeping          |     2 |     1 |       |       |       |       |       |       ||     3
       Distracted        |       |       |     1 |       |       |       |       |       ||     1
       Paralysed         |       |       |       |       |       |       |       |     2 ||     2
  Eat: Chunk             |    14 |    23 |    37 |    81 |   112 |    95 |   136 |    72 ||   570
       Ration            |       |       |       |       |       |     4 |       |     4 ||     8
Armor: Robe              |    19 |    33 |    36 |       |       |       |       |       ||    88
       Troll leather arm |       |       |    66 |    16 |       |       |       |       ||    82
       Storm dragon scal |       |       |       |   474 |   436 |   772 |   579 |   434 ||  2695
Dodge: Dodged            |    31 |    50 |   160 |   312 |   230 |   355 |   369 |   276 ||  1783
Block: Shield            |       |       |       |    48 |   466 |   660 |   625 |   372 ||  2171

Table legend:
 A = Non-vault XP
 B = Vault XP
 C = Vault XP percentage of total XP
 D = Non-vault monster count
 E = Vault monster count
 F = Vault count percentage of total count
                 A         B        C        D         E       F
            +---------+---------+-------+---------+---------+-------
      Total |  547213 |  405156 |  42.5 |    1341 |     742 |  35.6
            +---------+---------+-------+---------+---------+-------
        D:1 |      35 |       5 |  12.5 |      18 |       3 |  14.3
        D:2 |      92 |     154 |  62.6 |      27 |      19 |  41.3
        D:3 |     131 |     267 |  67.1 |      20 |       1 |   4.8
        D:4 |     384 |      36 |   8.6 |      18 |       1 |   5.3
        D:5 |     612 |     220 |  26.4 |      15 |       2 |  11.8
        D:6 |    1549 |     663 |  30.0 |      30 |       1 |   3.2
        D:7 |     505 |       0 |   0.0 |      25 |       0 |   0.0
        D:8 |     806 |      45 |   5.3 |      15 |       5 |  25.0
        D:9 |    2771 |    1081 |  28.1 |      19 |       2 |   9.5
       D:10 |    4450 |    1835 |  29.2 |      43 |      19 |  30.6
       D:11 |    3895 |       0 |   0.0 |      35 |       0 |   0.0
       D:12 |    6171 |       0 |   0.0 |      30 |       0 |   0.0
       D:13 |   10090 |    7418 |  42.4 |      35 |      15 |  30.0
       D:14 |   10026 |    6101 |  37.8 |      42 |      18 |  30.0
       D:15 |    5508 |    2005 |  26.7 |      17 |       2 |  10.5
     Lair:1 |    2292 |      59 |   2.5 |      14 |       1 |   6.7
     Lair:2 |    3693 |    2042 |  35.6 |      18 |      32 |  64.0
     Lair:3 |    2801 |    1361 |  32.7 |      13 |       4 |  23.5
     Lair:4 |    8647 |    1728 |  16.7 |      25 |       4 |  13.8
     Lair:5 |    2912 |    7010 |  70.7 |       6 |      33 |  84.6
     Lair:6 |    4187 |   11462 |  73.2 |      16 |      41 |  71.9
   Shoals:1 |    6203 |       0 |   0.0 |      13 |       0 |   0.0
   Shoals:2 |   20877 |       0 |   0.0 |      45 |       0 |   0.0
   Shoals:3 |    2466 |    2470 |  50.0 |       6 |       8 |  57.1
   Shoals:4 |    6481 |   31693 |  83.0 |      13 |      38 |  74.5
   Spider:1 |   12736 |       0 |   0.0 |      40 |       0 |   0.0
   Spider:2 |   19473 |       0 |   0.0 |      45 |       0 |   0.0
   Spider:3 |   19892 |    5109 |  20.4 |      48 |      11 |  18.6
   Spider:4 |    5947 |   32403 |  84.5 |      14 |      57 |  80.3
      Orc:1 |    4011 |     433 |   9.7 |      39 |       4 |   9.3
      Orc:2 |    4947 |    7277 |  59.5 |      31 |      67 |  68.4
      Elf:1 |   14841 |    3856 |  20.6 |      25 |       6 |  19.4
      Elf:2 |   16136 |    3220 |  16.6 |      28 |       4 |  12.5
   Vaults:1 |   27953 |   16210 |  36.7 |      53 |      23 |  30.3
   Vaults:2 |   48558 |     649 |   1.3 |      79 |       1 |   1.2
   Vaults:3 |   54257 |   28531 |  34.5 |      81 |      40 |  33.1
   Vaults:4 |   23218 |   19584 |  45.8 |      35 |      22 |  38.6
   Depths:1 |   26267 |    2722 |   9.4 |      39 |      14 |  26.4
   Depths:2 |    3578 |  119839 |  97.1 |       5 |     109 |  95.6
   Depths:3 |   43692 |   20897 |  32.4 |      56 |      23 |  29.1
   Depths:4 |   32555 |   31319 |  49.0 |      35 |      21 |  37.5
   Depths:5 |   24718 |   28310 |  53.4 |      20 |      15 |  42.9
    Abyss:2 |   10086 |     785 |   7.2 |      34 |       5 |  12.8
    Abyss:3 |    4035 |     880 |  17.9 |       6 |       2 |  25.0
    Abyss:4 |   42729 |       0 |   0.0 |      70 |       0 |   0.0
     Bailey |       0 |    5477 | 100.0 |       0 |      69 | 100.0
            +---------+---------+-------+---------+---------+-------

Levels and vault maps discovered:
D:1:      mrwooster_arrival_statue_3, layout_loops_ring, st_stairs_4
D:2:      cheibrodos_fertilizer, layout_basic
D:3:      layout_loops_ring, lemuel_crystal_altar, nrook_loot_triangle,
          uniq_grinder
D:4:      layout_basic, first_ration, serial_shops, shop, shop,
          kennysheep_mini_moat, nicolae_shop_stone, uniq_ijyb
D:5:      layout_cave_pools, nicolae_overflow_crystal_walls, minivault_11,
          uniq_duvessa
D:6:      layout_basic, chequers_temple_overflow_statue_of_worship,
          minmay_temple_entry_large_hall, serial_shops, shop,
          chequers_serial_rivers_large_a, uniq_pikel, uniq_eustachio
D:7:      layout_basic, nemelex_altar_shiori
D:8:      layout_basic, led_sif_book, lair_entry_dummy, enter_bailey_3
D:9:      layout_cave_pools, uniq_harold
D:10:     layout_cave_pools, kennysheep_orc_monster_closet_entryway,
          serial_shops, shop
D:11:     layout_cave_pods
D:12:     layout_loops_corners, serial_shops, kennysheep_mini
D:13:     layout_roguey, david_vaults_2, hangedman_little_slice_of_home,
          hangedman_decor_peaks_small, uniq_rupert
D:14:     layout_cave_pools, biasface_ghost_orc_armoury,
          minmay_misc_feat_four_crosses, minmay_fractal_squares_gapless_5
D:15:     grunt_enter_depths_hoard, layout_irregular_city, minmay_crystal_room,
          serial_shops, shop
Lair:1:   statuecave_lemuel, layout_cave_shapes
Lair:2:   layout_roguey [special_room_bee], nicolae_spider_entry_non_spiders
Lair:3:   layout_cave_pods, elwin_shoals_entry_stream, gauntlet_entry_generic
Lair:4:   layout_gridlike, grunt_megastairs_4
Lair:5:   cheibrodos_lair_overgrown_chateau, layout_gridlike, slime_altar_2
Lair:6:   minmay_lair_end_frog_pond, layout_cave_pods, disabler_island
Shoals:1: layout_shoals, nicolae_shoals_seven_spires
Shoals:2: layout_shoals, uniq_roxanne
Shoals:3: layout_shoals, serial_shops, shop, nicolae_shoals_drake_roost
Shoals:4: shoals_end_hangedman, layout_shoals, nicolae_shoals_aquamancer_cove,
          uniq_polyphemus, uniq_mara
Spider:1: layout_spider_delve
Spider:2: layout_spider_delve, gammafunk_ghost_berserking_beasts
Spider:3: layout_spider_delve, hangedman_stitches_earthworm
Spider:4: johnstein_spider_rune_arachne_lair
Orc:1:    layout_diamond_mine, gammafunk_ghost_necromancy
Orc:2:    grunt_orc_community_town_hall, layout_caves,
          grunt_orc_community_big_house_2, grunt_orc_community_big_house_2,
          grunt_orc_community_house_1, grunt_orc_community_house_1,
          grunt_orc_community_house_1, grunt_orc_community_house_1
Elf:1:    layout_geoelf_diagonals, kennysheep_underground_church
Elf:2:    layout_loops_ring, serial_shops, nicolae_shop_trees,
          minmay_strange_pillars
Vaults:1: ebering_vaults_ghost_gozag, ontoclasm_vaults_misaligned, st_lattice,
          v_misc_30, v_misc_33, ontoclasm_vaults_spin,
          vaults_room_grunt_arrival_ludios, nicolae_vaults_shelves_hall,
          vaults_mumra_minichess, vaults_standard_mumra_x,
          layout_vaults_omnicross, serial_shops, shop
Vaults:2: grunt_vaults_hallway_long, ontoclasm_vaults_decontamination,
          ontoclasm_vaults_twist, vaults_dpeg_hooks, layout_vaults_quadrants,
          serial_shops, nicolae_shop_behind_doors
Vaults:3: vaults_dpeg_doors, nicolae_vaults_what_the_h,
          nicolae_vaults_little_squares_4, v_pattern_1,
          minmay_crypt_entry_vampire_xt, nicolae_vaults_little_squares_6,
          nicolae_vaults_border_crossing, ontoclasm_vaults_chip,
          nicolae_vaults_little_squares_6, nicolae_vaults_stairing_the_circle,
          ontoclasm_vaults_ring_square, vaults_dpeg_diagonal,
          grunt_vaults_hallway_short, layout_vaults_ring
Vaults:4: nicolae_vaults_lopsided_apartments, v_alt_pattern_6, v_rooms_2,
          v_alt_pattern_3, v_rooms_5, v_misc_17, nicolae_vaults_little_ls,
          hangedman_vaults_impose, vaults_dpeg_spiral,
          grunt_vaults_hallway_long, layout_vaults_omnibox, serial_shops,
          nicolae_shop_stone
Depths:1: layout_basic, grunt_pan_entry_in_and_out, hangedman_decor_push,
          hell_entry, minmay_misc_feat_plants, minmay_shop_grid_forest,
          lightli_gold_pyramid, serial_bayou_shore_a
Depths:2: hangedman_slaughterboxes, hell_entry
Depths:3: kennysheep_scales, layout_basic, pan_entry, serial_shops, shop_statue,
          minmay_misc_feat_secret_circle, grunt_mini_vestibule, evilmike_ambush
          [evilmike_ambush_outer_doors, evilmike_ambush_inner_basic]
Depths:4: minmay_connected_boxes_in_corner, layout_cave_pools, enter_ziggurat_f,
          kennysheep_small_spiral, hell_entry, abyss_entry, st_stairs_12,
          infiniplex_staircase_pool_2, uniq_xtahua
Depths:5: grunt_x_marks_the_spot, layout_gridlike, grunt_hell_entry_dis_grunt,
          xom_teletrap_fun
Abyss:4:  evilmike_abyss_exit_mutagenic, hangedman_abyss_sting,
          hangedman_abyss_sting, lemuel_flamethrower_2,
          evilmike_nicolae_abyss_rune_containment_curve,
          guppyfry_abyss_exit_spiral_guarded, nicolae_abyss_rune_left_handed,
          evilmike_nicolae_abyss_rune_containment_curve,
          grunt_abyss_rune_forest_and_sorcery, lemuel_flamethrower_3,
          due_exit_kobolds, evilmike_abyss_exit_12, evilmike_abyss_rune_ettins,
          evilmike_abyss_exit_12, minivault_25, evilmike_abyss_exit_12,
          evilmike_abyss_exit_8, dshaligram_kb_abyss_rune_zappy_water_cross,
          hangedman_grunt_abyss_rune_horror_hoard, evilmike_abyss_exit_1,
          evilmike_abyss_exit_16, dshaligram_kb_abyss_rune_zappy_water_cross,
          evilmike_abyss_exit_2, minivault_1, hangedman_abyss_shoalhut,
          doesnt_abyss_rune_brain_food

Table legend:
 A = Turns spent in this place as a percentage of turns spent in the entire game.
 B = Non-inter-level travel turns spent in this place as a percentage of non-inter-level travel turns spent in the entire game.
 C = Inter-level travel turns spent in this place as a percentage of turns spent in this place.
 D = Turns resting spent in this place as a percentage of non-inter-level travel turns spent in this place.
 E = Turns spent auto-exploring this place as a percentage of non-inter-level travel turns spent in this place.
 F = Non-inter-level travel turns spent in this place divided by the number of levels of this place that you've seen.
                   A       B       C       D       E      F
               +-------+-------+-------+-------+-------+----------------------
         Total | 100.0 | 100.0 |   6.4 |  23.3 |  44.8 | 1268.4
       Dungeon |  27.2 |  26.3 |   9.8 |  15.2 |  58.3 | 1043.9
          Lair |  13.9 |  14.0 |   6.0 |  18.8 |  57.1 | 1390.3
        Shoals |   6.4 |   6.5 |   4.4 |  22.9 |  40.5 | 973.5
   Spider Nest |  10.1 |  10.3 |   4.3 |  22.1 |  39.3 | 1532.2
  Orcish Mines |   4.4 |   4.3 |   9.4 |  12.9 |  52.3 | 1271.5
   Elven Halls |   2.9 |   3.0 |   4.4 |  16.3 |  62.8 | 894.5
        Vaults |  14.5 |  14.5 |   6.1 |  33.9 |  32.3 | 2166.5
        Depths |  15.7 |  16.0 |   4.8 |  34.4 |  34.8 | 1903.8
         Abyss |   2.6 |   2.8 |   0.0 |  24.9 |   0.0 | 412.8
        Bailey |   2.2 |   2.4 |   0.0 |  30.5 |  17.8 | 1424.0
               +-------+-------+-------+-------+-------+----------------------

Table legend:
 A = Kills in this place as a percentage of kills in entire the game.
 B = Kills by you in this place as a percentage of kills by you in the entire game.
 C = Kills by friends in this place as a percentage of kills by friends in the entire game.
 D = Other kills in this place as a percentage of other kills in the entire game.
 E = Experience gained in this place as a percentage of experience gained in the entire game.
 F = Experience gained in this place divided by the number of levels of this place that you have seen.
                   A       B       C       D       E      F
               +-------+-------+-------+-------+-------+----------------------
         Total | 100.0 | 100.0 |   N/A | 100.0 | 100.0 | 20263.2
       Dungeon |  22.9 |  22.9 |   N/A |   0.0 |   7.0 | 4457.0
          Lair |   9.9 |  10.0 |   N/A |   0.0 |   5.1 | 8032.3
        Shoals |   5.9 |   5.9 |   N/A |   0.0 |   7.4 | 17547.5
   Spider Nest |  10.3 |  10.2 |   N/A |  50.0 |  10.0 | 23890.0
  Orcish Mines |   6.8 |   6.8 |   N/A |   0.0 |   1.8 | 8334.0
   Elven Halls |   3.0 |   3.0 |   N/A |  25.0 |   4.0 | 19026.5
        Vaults |  16.0 |  16.0 |   N/A |  25.0 |  23.0 | 54740.0
        Depths |  16.2 |  16.2 |   N/A |   0.0 |  35.1 | 66779.4
         Abyss |   5.6 |   5.6 |   N/A |   0.0 |   6.1 | 14628.8
        Bailey |   3.3 |   3.3 |   N/A |   0.0 |   0.6 | 5477.0
               +-------+-------+-------+-------+-------+----------------------
